Map: Eternal Empire LE

Players

SpeCial - Winner!

  • Race: Terran Terran
  • Spawn Location: 7:00

Cham

  • Race: Zerg Zerg
  • League: Grandmaster
  • Spawn Location: 1:00

Event: DreamHack SC2 Masters 2020 Fall

VOD

Have the link to the VOD?

Description

Time

  • Played on: Aug. 30, 2020, 5:47 p.m.
  • Length: 13:15

All games in this series

Show
View Real Time Build Order
Export as new Build Order

SpeCial Terran - Winner!

Build Orders: Reaper Expand 

Get SALT Encoding   

  12  0:00  SCV  
  13  0:12  SCV  
  14  0:17  Supply Depot  
  14  0:24  SCV  
  15  0:39  SCV  
  15  0:41  Barracks  
  16  0:43  Refinery  
  16  0:51  SCV  
  17  1:03  SCV  
  18  1:15  SCV  
  19  1:28  Orbital Command, Reaper  
  20  1:40  Command Center  
  20  1:50  Supply Depot  
  20  1:53  SCV  
  21  2:00  Marine  
  22  2:06  SCV  
  23  2:08  Factory  
  23  2:18  SCV  
  25  2:26  Barracks Reactor  
  24  2:30  SCV  
  25  2:39  Command Center  
  25  2:43  SCV  
  26  2:55  SCV  
  26  2:58  Starport  
  27  2:59  Orbital Command  
  27  3:03  Refinery  
  27  3:08  SCV  
  28  3:16  Hellion x2  
  28  3:17  Marine  
  33  3:20  SCV  
  33  3:26  SCV  
  35  3:32  SCV  
  36  3:35  Viking  
  36  3:37  Barracks Tech Lab  
  36  3:40  SCV  
  39  3:44  SCV  
  40  3:49  Barracks  
  40  3:50  Barracks  
  40  3:54  Factory Reactor  
  40  3:55  Orbital Command  
  40  3:57  Marine  
  40  3:59  SCV  
  40  4:02  SCV  
  43  4:05  Stimpack  
  43  4:10  Starport Reactor  
  43  4:13  SCV, Refinery  
  43  4:14  SCV  
  45  4:17  Orbital Command  
  45  4:18  Marine  
  45  4:21  Supply Depot  
  46  4:25  SCV  
  46  4:26  SCV  
  46  4:31  Hellion  
  46  4:33  Hellion  
  46  4:36  Marine  
  46  4:38  SCV x2  
  53  4:39  Marine  
  53  4:40  Marine x2  
  53  4:44  Supply Depot  
  56  4:46  SCV  
  56  4:50  SCV  
  56  4:51  Medivac x2  
  62  4:53  SCV, Marine  
  62  4:57  Armory  
  64  5:00  Marine x3  
  64  5:06  Hellion  
  69  5:09  Hellion  
  69  5:11  SCV x2, Marine  
  69  5:12  SCV  
  75  5:15  Supply Depot  
  75  5:17  Marine  
  75  5:18  Marine  
  77  5:24  Supply Depot  
  77  5:34  Starport Reactor  
  77  5:36  Marine  
  77  5:37  SCV x2, Marine x2  
  77  5:39  SCV  
  77  5:41  Engineering Bay, Marine x2  
  77  5:42  Engineering Bay  
  85  5:49  SCV x2  
  87  5:51  Combat Shield, SCV  
  87  5:54  Marine x2  
  87  5:56  Marine  
  91  5:58  Marine  
  91  5:59  Marine  
  93  6:05  SCV  
  93  6:06  SCV  
  93  6:09  SCV  
  86  6:12  Marine x2  
  86  6:14  Marine  
  86  6:16  Marine  
  86  6:17  SCV  
  86  6:18  Barracks x2  
  89  6:21  Medivac x2  
  89  6:23  Marine  
  88  6:28  Widow Mine x2  
  88  6:30  Marine  
  88  6:31  Marine  
  93  6:33  SCV, Terran Infantry Armor Level 1  
  93  6:35  Supply Depot  
  93  6:38  Terran Infantry Weapons Level 1  
  93  6:39  Marine x2  
  95  6:41  Marine  
  95  6:44  SCV x2  
  95  6:46  SCV  
  99  6:47  Supply Depot  
  99  6:48  Marine  
  99  6:49  Marine  
  99  6:50  Supply Depot  
  101  6:57  Factory, Marine x2  
  101  6:59  Marine  
  101  7:00  SCV x2  
  106  7:02  SCV  
  106  7:05  Missile Turret  
  106  7:06  Marine  
  108  7:12  Missile Turret, SCV, Barracks Reactor x2  
  108  7:17  SCV  
  108  7:18  SCV  
  108  7:19  Marine x4  
  112  7:24  SCV  
  112  7:28  Supply Depot  
  108  7:30  Medivac, SCV x2  
  108  7:31  Supply Depot  
  108  7:34  Marine  
  108  7:36  Widow Mine  
  112  7:37  Supply Depot  
  112  7:40  SCV  
  112  7:42  SCV, Refinery  
  112  7:43  Factory Tech Lab  
  114  7:45  Marine  
  114  7:46  Marine  
  114  7:47  Missile Turret, Marine  
  114  7:49  Widow Mine, Marine  
  120  7:51  Marine  
  121  8:01  Drilling Claws  
  121  8:02  Widow Mine  
  121  8:03  Marine x4  
  127  8:06  Command Center, Marine x3  
  127  8:07  Marine  
  127  8:09  Marine  
  131  8:14  Widow Mine  
  133  8:20  Supply Depot x2  
  133  8:28  Terran Infantry Armor Level 2  
  133  8:41  Thor, Marine x3  
  133  8:42  Widow Mine x2  
  133  8:43  Barracks x2  
  133  8:45  Barracks  
  145  8:49  Marine x2  
  145  8:50  Marauder  
  149  9:03  Terran Infantry Weapons Level 2, Supply Depot  
  149  9:04  Marine x2  
  149  9:10  Supply Depot  
  149  9:15  Thor  
  149  9:17  Medivac x2, Marauder, Marine x3, Widow Mine x2  
  149  9:18  Marine x2  
  164  9:25  Widow Mine, SCV, Marine x2  
  164  9:31  Marine  
  168  9:35  Marine x3  
  168  9:36  Marine  
  168  9:37  Marine  
  162  9:39  Widow Mine x2, Marauder  
  162  9:42  Marine  
  162  9:45  Marine  
  139  9:48  SCV x2  
  139  9:49  SCV, Marine  
  141  9:52  Marine x2  
  141  9:55  Widow Mine  
  141  9:58  Marine x2  
  141  9:59  Marine  
  148  10:00  Barracks Tech Lab x2, SCV, Marauder  
  148  10:03  Marine x2  
  148  10:04  SCV  
  152  10:09  Missile Turret  
  152  10:14  Marine x3  
  152  10:16  Barracks Tech Lab, Marine x2  
  152  10:19  Widow Mine x2  
  152  10:20  Thor  
  162  10:22  Marauder, Marine  
  162  10:23  Marine x2  
  162  10:24  SCV  
  162  10:25  SCV  
  162  10:27  Marine  
  162  10:28  Marine  
  164  10:29  SCV  
  164  10:32  Marine  
  164  10:34  Marine  
  164  10:35  Marauder, Marine  
  170  10:36  SCV  
  170  10:41  Marine x4  
  170  10:42  Marine  
  176  10:43  Marauder  
  176  10:45  Planetary Fortress, Marine x2  
  180  10:53  Supply Depot  
  180  10:54  Supply Depot  
  180  10:55  Medivac, Marine x3  
  180  10:56  Marine  
  186  10:57  Medivac  
  186  11:04  Marine x2  
  188  11:09  Missile Turret, Marine x2  
  186  11:12  Missile Turret  
  186  11:15  Marine  
  186  11:16  Marauder  
  186  11:17  Command Center  
  187  11:19  Marauder, Marine  
  186  11:32  Sensor Tower  
  186  11:36  Marine  
  186  11:37  Marauder  
  186  11:39  Widow Mine  
  193  11:40  Command Center, Widow Mine  
  193  11:41  Marauder, Marine x3  
  179  11:59  Marauder, Marine x4  
  179  12:00  Widow Mine  
  179  12:01  Widow Mine, Marine x2  
  170  12:06  Medivac  
  170  12:08  Marine  
  166  12:09  Marauder  
  171  12:16  Marauder  
  171  12:20  Marine  
  171  12:21  Marauder, Thor  
  171  12:22  Marine  
  180  12:25  Widow Mine x2  
  184  12:31  Marine x2  
  184  12:32  Marauder  
  184  12:33  Medivac  
  184  12:34  Marine  
  184  12:35  Marine x3  
  194  12:38  Marine  
  191  12:45  Marine  
  191  12:46  Marine x3  
  191  12:49  Marine  
  196  12:57  Missile Turret x2  
Show
View Real Time Build Order
Export as new Build Order

Cham Zerg 

Build Orders: Hatch First, Muta Ling Bane 

Get SALT Encoding   

  12  0:00  Drone  
  13  0:08  Drone  
  14  0:16  Overlord  
  14  0:35  Drone x2  
  16  0:48  Hatchery  
  15  0:52  Drone  
  15  0:55  Drone  
  17  0:59  Drone  
  18  1:09  Extractor  
  17  1:14  Spawning Pool  
  17  1:17  Drone  
  17  1:21  Drone  
  18  1:29  Drone  
  19  1:41  Drone  
  20  1:50  Overlord  
  20  2:00  Queen  
  20  2:01  Queen, Zergling x4  
  26  2:11  Drone  
  26  2:12  Drone  
  26  2:14  Metabolic Boost  
  28  2:22  Drone  
  29  2:24  Drone  
  30  2:40  Hatchery  
  30  2:42  Drone x2  
  30  2:49  Queen  
  32  2:54  Overlord  
  32  2:56  Drone  
  33  3:00  Drone  
  33  3:03  Drone  
  33  3:04  Drone  
  36  3:09  Overlord  
  36  3:15  Drone x2  
  36  3:19  Drone x3  
  41  3:26  Overlord  
  41  3:29  Queen  
  41  3:33  Zergling x2  
  44  3:38  Zergling x2  
  44  3:40  Overlord  
  45  3:45  Drone x5  
  50  3:50  Lair  
  50  3:56  Drone x3  
  53  4:03  Drone x2  
  53  4:04  Drone  
  53  4:06  Extractor  
  53  4:07  Drone  
  56  4:12  Drone  
  56  4:13  Drone  
  56  4:15  Drone x2  
  60  4:21  Baneling Nest  
  60  4:22  Overlord  
  60  4:23  Drone x2  
  61  4:25  Drone  
  61  4:26  Drone x2  
  61  4:29  Drone  
  64  4:37  Drone  
  64  4:38  Evolution Chamber x2, Overlord  
  64  4:39  Drone  
  64  4:43  Drone x3  
  67  4:51  Drone, Extractor  
  67  4:52  Extractor  
  66  4:53  Overlord x3  
  66  4:57  Extractor x2  
  66  4:58  Drone x3  
  67  5:06  Zerg Ground Armor Level 1  
  67  5:08  Centrifical Hooks  
  67  5:15  Drone x2  
  67  5:16  Drone x8  
  67  5:19  Baneling x2  
  77  5:22  Zergling x2  
  77  5:24  Zergling x6  
  77  5:26  Zergling x2  
  82  5:28  Zerg Melee Weapons Level 1  
  82  5:29  Zergling x2  
  82  5:35  Zergling x2  
  84  5:37  Hatchery  
  84  5:38  Zergling x2  
  84  5:39  Zergling x4  
  84  5:40  Zergling x2  
  87  5:43  Drone  
  87  5:46  Spire  
  87  5:49  Baneling  
  87  5:50  Baneling x6  
  87  5:53  Zergling x6  
  90  5:57  Zergling x6  
  90  6:01  Baneling x4  
  79  6:11  Zergling x2  
  79  6:12  Zergling x14  
  81  6:21  Zergling x2  
  81  6:22  Zergling x4  
  81  6:24  Zergling x2  
  82  6:27  Queen  
  83  6:34  Zergling x10  
  83  6:35  Baneling x2  
  83  6:36  Baneling x2  
  86  6:40  Drone x2  
  88  6:48  Zergling x6  
  88  6:52  Drone, Queen  
  94  6:54  Drone  
  94  6:55  Overseer  
  94  6:58  Baneling x4  
  94  6:59  Zergling x8  
  94  7:00  Baneling  
  94  7:01  Baneling x3  
  99  7:02  Baneling x3  
  99  7:03  Zergling x4  
  99  7:07  Drone  
  102  7:09  Zergling x2  
  103  7:19  Overlord x2  
  101  7:29  Drone x2  
  102  7:30  Drone x5  
  102  7:36  Mutalisk x7  
  102  7:37  Mutalisk  
  104  7:40  Zerg Melee Weapons Level 2, Zerg Ground Armor Level 2  
  104  7:43  Zergling x4  
  120  7:46  Overlord x3  
  120  7:47  Baneling  
  120  7:48  Baneling x4  
  120  7:50  Overlord x2  
  120  7:58  Overlord x2  
  118  8:03  Overlord  
  118  8:04  Overlord  
  118  8:05  Mutalisk x2  
  118  8:10  Mutalisk  
  118  8:12  Zergling x16  
  132  8:14  Mutalisk  
  132  8:18  Mutalisk  
  136  8:20  Drone x2  
  136  8:29  Zerg Flyer Weapons Level 1  
  136  8:32  Drone x6  
  142  8:34  Hatchery  
  142  8:37  Mutalisk x2  
  142  8:39  Zergling x4  
  147  8:41  Overlord  
  147  8:47  Overlord  
  147  8:50  Baneling x8  
  147  8:52  Overlord  
  147  8:54  Zergling x10  
  151  8:56  Extractor  
  151  8:59  Zergling x8  
  151  9:02  Overseer x2  
  150  9:16  Zergling x18  
  158  9:22  Baneling  
  158  9:23  Zergling x6, Baneling x4  
  159  9:31  Zergling x2  
  150  9:40  Zergling x2  
  150  9:41  Zergling x8  
  150  9:42  Zergling x2  
  150  9:44  Baneling x3  
  150  9:45  Baneling x3  
  145  9:46  Baneling  
  145  9:47  Zergling x2, Baneling x11  
  145  9:52  Extractor  
  145  9:53  Zergling x4  
  145  9:55  Mutalisk  
  148  10:00  Extractor  
  148  10:01  Infestation Pit  
  146  10:10  Zergling x6  
  148  10:18  Zergling x6  
  151  10:25  Mutalisk  
  151  10:26  Mutalisk  
  140  10:31  Drone  
  140  10:32  Queen  
  139  10:36  Hatchery  
  139  10:38  Drone x5  
  139  10:39  Drone x2  
  139  10:41  Spore Crawler  
  136  10:44  Zergling x6  
  136  10:45  Zergling x2  
  136  10:48  Mutalisk x2  
  136  10:49  Mutalisk  
  144  10:53  Spore Crawler  
  144  10:55  Mutalisk  
  143  10:57  Zergling x2  
  143  10:58  Corruptor  
  143  10:59  Zergling x4  
  143  11:00  Zergling x4  
  143  11:03  Zergling x4  
  154  11:05  Baneling x5  
  154  11:06  Baneling x7  
  154  11:08  Drone x8  
  155  11:16  Zergling x4  
  148  11:19  Zergling x4  
  148  11:21  Zergling x2  
  148  11:30  Mutalisk x2  
  148  11:31  Mutalisk x3  
  148  11:32  Zergling x2  
  159  11:35  Zergling x2  
  159  11:39  Zergling x2  
  158  11:40  Zergling x6  
  161  11:47  Hive  
  154  11:54  Zergling x12  
  154  11:58  Zergling x4  
  154  11:59  Zergling x2  
  144  12:01  Baneling x3  
  144  12:02  Baneling x13  
  144  12:06  Zergling x4  
  144  12:07  Zergling x6  
  149  12:13  Zergling x2  
  149  12:14  Zergling x4, Hatchery  
  149  12:15  Baneling x8  
  149  12:18  Zergling x6  
  149  12:21  Zergling x2  
  149  12:22  Zergling x4  
  149  12:27  Zergling x2  
  146  12:31  Mutalisk x3  
  150  12:45  Zergling x6  
  150  12:46  Zergling x8  
  150  12:47  Baneling x3  
  150  12:48  Baneling  
  155  12:53  Drone x2  
  157  13:00  Baneling  
  157  13:01  Baneling x3  

Tags
 
Add a new tag
Caveats
  • Supply blocks, unpowered buildings, or Contaminate may cause inaccurate times.
  • Supply counts are checked every 10 seconds.